 Dungeon Crawl Stone Soup version 0.29.1-15-g9cfb28693d (webtiles) character file.

Game seed: 4019807348506279014

34 IndexError the Magician (level 3, 0/25 HPs)
             Began as a Gnoll Hedge Wizard on Mar 9, 2023.
             Slain by a gnoll
             ... wielding a +0 flail
              (10 damage)
             ... on level 2 of the Dungeon.
             The game lasted 00:03:45 (1450 turns).

IndexError the Magician (Gnoll Hedge Wizard)        Turns: 1450, Time: 00:03:45

Health: 0/25       AC:  2    Str:  9    XL:     3   Next: 31%
Magic:  4/11       EV: 13    Int: 15    God:
Gold:   87         SH:  0    Dex: 11    Spells: 15/16 levels left

rFire   . . .      SeeInvis .   b - +0 dagger
rCold   . . .      Faith    .   (no shield)
rNeg    . . .      Spirit   .   h - +0 robe
rPois   .          Reflect  .   c - +0 hat
rElec   .          Harm     .   (no cloak)
rCorr   .          Rampage  .   (no gloves)
Will    .....                   (no boots)
Stlth   ++........              (no amulet)
HPRegen 0.08/turn               (no ring)
MPRegen 0.12/turn               (no ring)

@: very slightly contaminated
A: fangs 1, strong nose, distributed training
a: no special abilities


You were on level 2 of the Dungeon.
You visited 1 branch of the dungeon, and saw 2 of its levels.

You collected 87 gold pieces.

Inventory:

Hand Weapons
 a - a +0 sling
   (You found it on level 1 of the Dungeon)
 b - a +0 dagger (weapon)
Armour
 c - a +0 hat (worn)
 h - a +0 robe (worn)
Scrolls
 e - a scroll of enchant weapon {unknown}
 g - a scroll of summoning {unknown}
Potions
 d - a potion of magic
 f - 2 potions of lignification {unknown}
 i - 2 potions of curing {unknown}


   Skills:
 + Level 0.8 Fighting
 + Level 0.8 Short Blades
 + Level 0.8 Long Blades
 + Level 0.8 Axes
 + Level 0.8 Maces & Flails
 + Level 0.8 Polearms
 + Level 0.8 Staves
 + Level 0.8 Ranged Weapons
 + Level 0.8 Throwing
 + Level 0.8 Armour
 + Level 4.5 Dodging
 + Level 4.1 Stealth
 + Level 0.8 Shields
 + Level 0.8 Unarmed Combat
 + Level 7.1 Spellcasting
 + Level 2.1 Conjurations
 + Level 0.5 Hexes
 + Level 2.1 Summonings
 + Level 0.5 Necromancy
 + Level 2.1 Translocations
 + Level 0.5 Transmutations
 + Level 0.5 Fire Magic
 + Level 0.5 Ice Magic
 + Level 0.5 Air Magic
 + Level 0.5 Earth Magic
 + Level 0.5 Poison Magic
 + Level 1.0 Invocations
 + Level 0.8 Evocations


You had 15 spell levels left.
You knew the following spells:

 Your Spells              Type           Power      Damage    Failure   Level
a - Magic Dart            Conj           44%        1d5       5%          1

Your spell library contained the following spells:

 Spells                   Type           Power      Damage    Failure   Level
 Blink                    Tloc           22%        N/A       9%          2
 Call Imp                 Summ           11%        N/A       9%          2
 Slow                     Hex            28%        N/A       11%         1
 Conjure Flame            Conj/Fire      9%         6-21      22%         3
 Mephitic Cloud           Conj/Pois/Air  8%         N/A       26%         3


Dungeon Overview and Level Annotations

Branches:
Dungeon (2/15)

Altars:


Innate Abilities, Weirdness & Mutations

You have very sharp teeth.
Your uncanny sense of smell can sniff out nearby items.
Your experience applies equally to all skills.


Message History

Aim: a worm (heavily wounded, 100% to hit)
You miscast Magic Dart.
You are very lightly contaminated with residual magic.
Nothing appears to happen.
You now have 2/11 mp.
Aiming: Magic Dart (safe; 5% risk of failure)
Press: ? - help, Q - select action, (/) - cycle Shift-Dir - straight line, f/p - worm
Aim: a worm (heavily wounded, 100% to hit)
The magic dart hits the worm.
You now have 1/11 mp.
Aiming: Magic Dart (safe; 5% risk of failure)
Press: ? - help, Q - select action, (/) - cycle Shift-Dir - straight line, f/p - worm
Aim: a worm (severely wounded, 100% to hit)
The magic dart hits the worm.
The worm bites you.
You take 2 damage, and have 23/25 hp.
You now have 0/11 mp.
You shoot a sling bullet.
The sling bullet hits the worm but does no damage.
The worm bites you!
You take 10 damage, and have 13/25 hp.
MASSIVE DAMAGE!!
You are too injured to fight recklessly!
You don't have enough magic to cast this spell.
A worm is nearby!
b - a +0 dagger (weapon)
You hit the worm. The worm bites you!
* * * LOW HITPOINT WARNING * * *
You take 8 damage, and have 6/25 hp.
MASSIVE DAMAGE!!
You hit the worm but do no damage. You hit the worm.
Your magical contamination has completely faded away.
Your Invocations skill increases to level 1!
You see here a worm corpse.
a - a +0 sling (weapon)
b - a +0 dagger (weapon)
HP restored.
i - 2 silvery potions Health restored: 25; MP restored: 11 You now have 73 gold pieces (gained 11).
A frilled lizard comes into view.
Aiming: Magic Dart (safe; 5% risk of failure)
Press: ? - help, Q - select action Shift-Dir - straight line, f - frilled lizard
Aim: a frilled lizard (asleep, 100% to hit)
The magic dart hits the frilled lizard.
You now have 10/11 mp.
Aiming: Magic Dart (safe; 5% risk of failure)
Press: ? - help, Q - select action Shift-Dir - straight line, f - you
Okay, then.
You see here a frilled lizard corpse.
Found a stone staircase leading down.
MP restored: 11 You now have 87 gold pieces (gained 14).
You see here 3 boomerangs. 2 gnolls and a goblin come into view.
Aiming: Magic Dart (safe; 5% risk of failure)
Press: ? - help, Q - select action Shift-Dir - straight line, f - gnoll
Aim: a gnoll, wielding a +0 flail (100% to hit)
The magic dart hits the gnoll.
You now have 10/11 mp.
Aiming: Magic Dart (safe; 5% risk of failure)
Press: ? - help, Q - select action Shift-Dir - straight line, f/p - gnoll
Aim: a gnoll, wielding a +0 flail (lightly wounded, 100% to hit)
The magic dart hits the gnoll.
You now have 9/11 mp.
Aiming: Magic Dart (safe; 5% risk of failure)
Press: ? - help, Q - select action Shift-Dir - straight line, f/p - gnoll
Aim: a gnoll, wielding a +0 flail (heavily wounded, 100% to hit)
The magic dart hits the gnoll.
You now have 8/11 mp.
Aiming: Magic Dart (safe; 5% risk of failure)
Press: ? - help, Q - select action Shift-Dir - straight line, f/p - gnoll
Aim: a gnoll, wielding a +0 flail (heavily wounded, 100% to hit)
The magic dart hits the gnoll.
The gnoll hits you with a +0 flail.
You take 4 damage, and have 21/25 hp.
You now have 7/11 mp.
Aiming: Magic Dart (safe; 5% risk of failure)
Press: ? - help, Q - select action Shift-Dir - straight line, f/p - gnoll
Aim: a gnoll, wielding a +0 flail (severely wounded, 100% to hit)
You miscast Magic Dart.
You are very lightly contaminated with residual magic.
Nothing appears to happen.
The gnoll misses you.
You now have 6/11 mp.
Aiming: Magic Dart (safe; 5% risk of failure)
Press: ? - help, Q - select action Shift-Dir - straight line, f/p - gnoll
Aim: a gnoll, wielding a +0 flail (severely wounded, 100% to hit)
The magic dart hits the gnoll but does no damage.
The gnoll hits you with a +0 flail!
You take 11 damage, and have 10/25 hp.
MASSIVE DAMAGE!!
You now have 5/11 mp.
Aiming: Magic Dart (safe; 5% risk of failure)
Press: ? - help, Q - select action Shift-Dir - straight line, f/p - gnoll
Aim: a gnoll, wielding a +0 flail (severely wounded, 100% to hit)
The magic dart hits the gnoll.
The gnoll barely misses you.
You now have 4/11 mp.
Aiming: Magic Dart (safe; 5% risk of failure)
Press: ? - help, Q - select action Shift-Dir - straight line, f/p - gnoll
Aim: a gnoll, wielding a +0 flail (severely wounded, 100% to hit)
The magic dart hits the gnoll.
The gnoll hits you with a +0 flail!
You die...

##..........†.#....#...
#..#########.#....#.#
#..#.........#......#
#..#.######..#...<#####.
#............#..(...)...#
#..#.#######.#...########
#.##.....# #.#..........
#.##.....#
#.#.##########..
#.##.....#
#.#.@g..........
#<.......#
#.#..####.......
#.###....# #..# .......
#..[.....+ #..# g......
#####....# #..# .g.....
##### #..# g...... #..#
....... #..# .......


You could see a gnoll.

Vanquished Creatures
  A worm (D:2)
  4 ball pythons (D:1)
  2 bats (D:1)
  An endoplasm (D:1)
  5 goblins (D:1)
  4 hobgoblins (D:1)
  4 jackals (D:1)
  2 kobolds (D:1)
  3 frilled lizards
  2 rats (D:1)
28 creatures vanquished.

Notes
Turn   | Place    | Note
-------+----------+-------------------------------------------
     0 | D:1      | IndexError the Gnoll Hedge Wizard began the quest for the
                  | Orb.
     0 | D:1      | Reached XP level 1. HP: 13/13 MP: 8/8
   150 | D:1      | Reached skill level 2 in Conjurations
   150 | D:1      | Reached skill level 2 in Summonings
   150 | D:1      | Reached skill level 2 in Translocations
   261 | D:1      | Reached XP level 2. HP: 19/19 MP: 8/10
   761 | D:1      | Reached XP level 3. HP: 25/25 MP: 11/11
  1133 | D:2      | HP: 6/25 [worm (8)]
  1136 | D:2      | Reached skill level 1 in Invocations
  1450 | D:2      | Slain by a gnoll

Illustrated notes

Levels and vault maps discovered:
D:1:      dpeg_arrival_concentric_ovals, layout_basic
D:2:      layout_basic

Skill      XL: |  1  2  3 |
---------------+----------+-----
Conjurations   | 2 |  2.1
Summonings     | 2 |  2.1
Translocations | 2 |  2.1
Invocations    | 1 |  1.0
Fighting       | |  0.8
Short Blades   | |  0.8
Long Blades    | |  0.8
Axes           | |  0.8
Maces & Flails | |  0.8
Polearms       | |  0.8
Staves         | |  0.8
Ranged Weapons | |  0.8
Throwing       | |  0.8
Armour         | |  0.8
Dodging        | |  4.5
Stealth        | |  4.1
Shields        | |  0.8
Unarmed Combat | |  0.8
Spellcasting   | |  7.1
Hexes          | |  0.5
Necromancy     | |  0.5
Transmutations | |  0.5
Fire Magic     | |  0.5
Ice Magic      | |  0.5
Air Magic      | |  0.5
Earth Magic    | |  0.5
Poison Magic   | |  0.5
Evocations     | |  0.8

Action                   || total
-------------------------++-------
Melee: Dagger            ||    21
       Bite              ||     4
 Fire: Sling             ||    25
 Cast: Magic Dart        ||    57
Armor: Robe              ||     8
Dodge: Dodged            ||    43

Table legend: (Time is in decaauts)
 A = Elapsed time spent in this place.
 B = Non-inter-level travel time spent in this place.
 C = Inter-level travel time spent in this place.
 D = Time resting spent in this place.
 E = Time spent auto-exploring this place.
 F = Levels seen in this place.
 G = Mean time per level.
                   A        B        C        D        E       F      G
               +--------+--------+--------+--------+--------+-----+--------+
         Total |   1454 |   1351 |    103 |      0 |   1170 |   2 |  727.0 |
       Dungeon |   1454 |   1351 |    103 |      0 |   1170 |   2 |  727.0 |
               +--------+--------+--------+--------+--------+-----+--------+

Top non-repeatable levels by time:
     D:1: 1073 daAuts
     D:2: 381 daAuts

Table legend:
 A = Kills in this place as a percentage of kills in entire the game.
 B = Kills by you in this place as a percentage of kills by you in the entire game.
 C = Kills by friends in this place as a percentage of kills by friends in the entire game.
 D = Other kills in this place as a percentage of other kills in the entire game.
 E = Experience gained in this place as a percentage of experience gained in the entire game.
 F = Experience gained in this place divided by the number of levels of this place that you have seen.
                   A       B       C       D       E      F
               +-------+-------+-------+-------+-------+----------------------
         Total | 100.0 | 100.0 |   N/A |   N/A | 100.0 |  24.5
       Dungeon | 100.0 | 100.0 |   N/A |   N/A | 100.0 |  24.5
               +-------+-------+-------+-------+-------+----------------------
